Map: Thunderbird LE

Players

pHARM - Winner!

  • Race: Zerg Zerg
  • League: Platinum
  • Spawn Location: 11:00

Czak

  • Race: Protoss Protoss
  • League: Platinum
  • Spawn Location: 5:00

VOD

Have the link to the VOD?

Description

Time

  • Played on: July 18, 2019, 12:18 a.m.
  • Length: 12:21
Show
View Real Time Build Order
Export as new Build Order

pHARM Zerg - Winner!

Build Orders: Hatch First, Swarm Host 

Get SALT Encoding   

  12  0:02  Drone  
  13  0:17  Drone  
  14  0:22  Overlord  
  14  0:40  Drone  
  14  0:41  Drone  
  16  0:52  Hatchery  
  15  1:01  Drone x2  
  15  1:03  Drone  
  18  1:15  Extractor  
  17  1:19  Spawning Pool  
  17  1:20  Drone  
  17  1:32  Drone  
  18  1:44  Drone  
  19  1:48  Drone  
  20  2:02  Overlord  
  20  2:09  Queen x2  
  20  2:10  Zergling x4  
  26  2:28  Drone  
  26  2:29  Drone x3  
  30  2:32  Metabolic Boost  
  30  2:44  Hatchery  
  29  2:55  Roach Warren  
  28  3:06  Spore Crawler  
  28  3:09  Spore Crawler  
  26  3:40  Overlord x2  
  26  3:42  Roach  
  28  4:05  Drone  
  28  4:06  Drone x5, Roach x5  
  28  4:07  Roach  
  45  4:24  Extractor  
  44  4:40  Roach  
  44  4:41  Roach x2  
  49  4:48  Overlord x2  
  49  5:01  Overlord x2  
  49  5:11  Zergling x16  
  57  5:21  Roach x4  
  65  5:22  Queen  
  66  5:40  Roach x5  
  65  5:46  Roach  
  55  5:56  Roach x3  
  41  6:12  Roach x3  
  37  6:29  Roach  
  37  6:30  Roach x3  
  43  6:47  Roach x3  
  41  6:58  Roach x2  
  39  7:11  Roach x3  
  41  7:21  Roach x2  
  37  7:35  Roach  
  37  7:36  Roach x2  
  43  8:01  Drone x4, Roach x3  
  53  8:23  Lair  
  53  8:38  Drone x4, Roach x2  
  53  8:39  Roach x2  
  65  9:12  Drone  
  65  9:13  Drone x4, Roach x5  
  80  9:28  Extractor  
  80  9:30  Extractor  
  78  9:37  Infestation Pit  
  77  9:39  Extractor  
  77  9:40  Extractor  
  77  9:41  Drone x3, Roach x2  
  77  9:45  Overseer  
  82  9:50  Overlord x3  
  82  10:08  Nydus Network  
  81  10:44  Swarm Host x6  
  99  10:50  Nydus Canal  
  100  10:57  Drone x7  
  100  11:02  Overlord x3  
Show
View Real Time Build Order
Export as new Build Order

Czak Protoss 

Build Orders:  

Get SALT Encoding   

  12  0:03  Probe  
  13  0:15  Probe  
  13  0:18  Pylon  
  14  0:27  Probe  
  15  0:28  Assimilator  
  15  0:39  Probe  
  16  0:46  Gateway  
  16  0:50  Probe  
  17  0:58  Probe  
  18  1:04  Assimilator  
  18  1:06  Probe  
  19  1:12  Pylon  
  19  1:15  Probe  
  19  1:23  Probe  
  20  1:32  Probe  
  21  1:35  Cybernetics Core  
  22  1:44  Probe  
  23  1:51  Gateway  
  25  1:54  Zealot  
  25  2:03  Warp Gate  
  25  2:21  Zealot  
  27  2:23  Robotics Facility  
  27  2:40  Pylon  
  27  2:41  Sentry  
  29  2:48  Zealot  
  31  2:51  Pylon  
  31  2:53  Pylon  
  31  2:56  Pylon  
  31  3:07  Sentry  
  31  3:10  Immortal  
  37  3:32  Zealot  
  39  3:39  Zealot  
  41  3:42  Immortal  
  45  3:59  Zealot  
  47  4:07  Zealot  
  49  4:11  Immortal  
  53  4:28  Pylon  
  53  4:36  Pylon  
  51  5:01  Immortal  
  51  5:11  Zealot x2  
  59  5:37  Immortal  
  47  5:50  Zealot x2  
  39  6:23  Immortal  
  39  6:24  Zealot x2  
  35  7:02  Immortal  
Tags
 
Composition
Swarm Host
Matchup
PvZ
Replay Pack
10.7.19
Spawn Locations
Cross Positions
Add a new tag
Caveats
  • Supply blocks, unpowered buildings, or Contaminate may cause inaccurate times.
  • Supply counts are checked every 10 seconds.